 Dungeon Crawl Stone Soup version 0.30-a0-1043-g60ff8d5f49 (webtiles) character file.

Game seed: 13488466949727112013

110 Newt the Trooper (level 4, -1/38 HPs)
             Began as a Demonspawn Gladiator on Apr 10, 2023.
             Slain by a gnoll
             ... wielding a +0 flail
              (7 damage)
             ... on level 3 of the Dungeon.
             The game lasted 00:02:15 (2802 turns).

Newt the Trooper (Demonspawn Gladiator)             Turns: 2802, Time: 00:02:16

Health: -1/38      AC:  5    Str: 13    XL:     4   Next: 61%
Magic:  4/4        EV: 12    Int:  9    God:
Gold:   174        SH:  0    Dex: 14    Spells: 3/3 levels left

rFire   . . .      SeeInvis .    j - +3 hand axe of Voehuarph {freeze, Fly Will+ rCorr Str-4}
rCold   . . .      Faith    .    (no shield)
rNeg    . . .      Spirit   .    b - +0 leather armour
rPois   .          Reflect  .    c - +0 helmet
rElec   .          Rampage  .    (no cloak)
rCorr   +                        (no gloves)
Will    +....                    (no boots)
Stlth   +                        (no amulet)
HPRegen 0.26/turn                (no ring)
MPRegen 0.09/turn                (no ring)

@: flying
A: claws 1, rugged brown scales 1
a: no special abilities


You were on level 3 of the Dungeon.
You visited 1 branch of the dungeon, and saw 4 of its levels.

You collected 174 gold pieces.

Inventory:

Hand Weapons
 a - a +1 rapier of venom
 j - the +3 hand axe of Voehuarph (weapon) {freeze, Fly Will+ rCorr Str-4}
   (You found it on level 2 of the Dungeon)

   Str:       It affects your strength (-4).
   Fly:       It grants you flight.
   rCorr:     It protects you from acid and corrosion.
   Will:      It increases your willpower.
Missiles
 e - a javelin (quivered)
Armour
 b - a +0 leather armour (worn)
 c - a +0 helmet (worn)
Wands
 n - a wand of flame (28)
 p - a wand of iceblast (15)
Scrolls
 f - 2 scrolls of vulnerability
 k - a scroll of amnesia
Potions
 g - 2 potions of magic {unknown}
 h - a potion of mutation
 i - a potion of curing {unknown}
 o - 2 potions of brilliance {unknown}


   Skills:
 - Level 4.0 Fighting
 - Level 2.6 Short Blades
 + Level 2.3 Axes
 - Level 1.7 Throwing
 - Level 2.6 Dodging


You had 3 spell levels left.
You didn't know any spells.
Your spell library contained the following spells:

 Spells                   Type           Power      Damage    Failure   Level
 Ensorcelled Hibernation  Hex/Ice        0%         N/A       61%         2
 Passwall                 Tmut/Erth      0%         N/A       61%         2
 Swiftness                Air            0%         N/A       83%         3


Dungeon Overview and Level Annotations

Branches:
Dungeon (4/15)
 Temple: D:4-7

Altars:
Vehumet


Innate Abilities, Weirdness & Mutations

You have sharp fingernails.
You are partially covered in rugged brown scales. (AC +1, +3% HP)


Message History

You are too injured to fight recklessly!
You are too injured to fight recklessly!
You are too injured to fight recklessly!
Unknown command.
You are too injured to fight recklessly!
You hit the gnoll. You freeze the gnoll.
The gnoll is severely wounded.
You hit the gnoll. You freeze the gnoll. The gnoll barely misses you.
The gnoll hits you with a +0 club. The gnoll hits you with a +0 flail!
* * * LOW HITPOINT WARNING * * *
The gnoll closely misses you.
A gnoll comes into view. It is wielding a +0 spear.
The gnoll closely misses you.
Unknown command.
The gnoll attacks as you move away! The gnoll closely misses you.
Unknown command.
The iguana hisses menacingly.
Unknown command.
The gnoll attacks as you move away! The gnoll closely misses you.
Unknown command.
The gnoll attacks as you move away! The gnoll hits you with a +0 flail.
* * * LOW HITPOINT WARNING * * *
Unknown command.
The gnoll attacks as you move away! The gnoll closely misses you.
Unknown command.
There is a stone staircase leading up here.
Unknown command.
The gnoll hits you with a +0 flail.
* * * LOW HITPOINT WARNING * * *
You fly upwards.
There is a stone staircase leading down here.
Unknown command.
Throw: throwing net
Press: ? - help, Q - select action, (/) - cycle Shift-Dir - straight line, f - gnoll
Aim: a gnoll, wielding a +0 flail (64% to hit)
You throw a throwing net.
The throwing net closely misses the gnoll.
You barely miss the gnoll. The gnoll barely misses you.
The gnoll hits you with a +0 flail!
You die...

##.## #.# #...## # ....## #.#
##...## # .....## ##.# ##.....## #
......## ##..#### ##.......###
.......####......#####.........#.
.......'................).....)'.
.......####..รท##.#######.....###.
......## #...##.# #....## ##
.....## #.#.##@# #.#.## # #...##
#.#.##g# #.### ##+########.#.##.#
#.# #.......##.....(# #.# ######
##.>####.####.#### ####.###.....
......##.# #.# #........####
#...#.##<####.# #.##.##..###.
..............# #.##.........
#...########### #.#####..#...


You could see a gnoll.

Vanquished Creatures
  2 gnolls
  4 adders
  2 dart slugs
  An orc (D:3)
  4 bats
  2 endoplasms
  3 goblins
  6 hobgoblins
  6 jackals
  3 quokkas
  4 ball pythons
  3 frilled lizards (D:3)
  3 kobolds
  5 rats
48 creatures vanquished.

Vanquished Creatures (others)
  A plant (D:4)
1 creature vanquished.

Grand Total: 49 creatures vanquished

Notes
Turn   | Place    | Note
-------+----------+-------------------------------------------
     0 | D:1      | Newt the Demonspawn Gladiator began the quest for the Orb.
     0 | D:1      | Reached XP level 1. HP: 16/16 MP: 1/1
    26 | D:1      | Gained mutation: You are partially covered in rugged brown
                  | scales. (AC +1, +3% HP) [demonic ancestry]
    26 | D:1      | Reached XP level 2. HP: 1/23 MP: 2/2
    27 | D:1      | HP: 1/23 [hobgoblin (1)]
   198 | D:1      | Reached skill level 3 in Fighting
  1338 | D:2      | Gained mutation: You have sharp fingernails. [demonic
                  | ancestry]
  1338 | D:2      | Reached XP level 3. HP: 27/29 MP: 3/3
  1503 | D:2      | Identified the +3 hand axe of Voehuarph {freeze, Fly Will+
                  | rCorr Str-4}
  1865 | D:3      | Reached skill level 4 in Fighting
  2017 | D:3      | Reached skill level 1 in Axes
  2172 | D:3      | Reached XP level 4. HP: 38/38 MP: 4/4
  2339 | D:3      | Found a radiant altar of Vehumet.
  2802 | D:3      | Slain by a gnoll

Illustrated notes

Levels and vault maps discovered:
D:1:      noname_arrival_rooms_in_the_neighbourhood, layout_basic,
          nicolae_grassy_gnolls
D:2:      layout_loops_ring
D:3:      layout_loops_corners, vehumet_altar_wand_db, minmay_misc_feat_doors
D:4:      layout_basic, grunt_gozag_statues, lemuel_crystal_altar,
          kennysheep_mini, minmay_temple_entry_overgrown, minmay_ruptured,
          uniq_sigmund

Skill      XL: |  1  2  3  4 |
---------------+-------------+-----
Fighting       | 3 4 |  4.0
Axes           | 1 2 |  2.3
Short Blades   | |  2.6
Throwing       | |  1.7
Dodging        | |  2.6

Action                     |  1- 3 |  4- 6 || total
---------------------------+-------+-------++-------
  Melee: Rapier            |    77 |       ||    77
         Hand axe          |    33 |    42 ||    75
  Throw: Throwing net      |     3 |     1 ||     4
    Use: Scroll            |     5 |     2 ||     7
   Stab: Sleeping          |     1 |       ||     1
 Armour: Leather armour    |    46 |     8 ||    54
  Dodge: Dodged            |    89 |    27 ||   116

Table legend: (Time is in decaauts)
 A = Elapsed time spent in this place.
 B = Non-inter-level travel time spent in this place.
 C = Inter-level travel time spent in this place.
 D = Time resting spent in this place.
 E = Time spent auto-exploring this place.
 F = Levels seen in this place.
 G = Mean time per level.
                   A        B        C        D        E       F      G
               +--------+--------+--------+--------+--------+-----+--------+
         Total |   2823 |   2740 |     83 |    252 |   2109 |   4 |  705.8 |
       Dungeon |   2823 |   2740 |     83 |    252 |   2109 |   4 |  705.8 |
               +--------+--------+--------+--------+--------+-----+--------+

Top non-repeatable levels by time:
     D:1: 1267 daAuts
     D:3: 927 daAuts
     D:2: 596 daAuts
     D:4: 32 daAuts
